 Dungeon Crawl Stone Soup version 0.29.1-15-g9cfb28693d (webtiles) character file.

Game seed: 14753966425561091751

422 KreenWarrior the Trooper (level 6, -8/48 HPs)
             Began as a Demonspawn Monk on Mar 16, 2023.
             Was a Believer of Dithmenos.
             Mangled by an ogre
             ... wielding a +0 giant club
              (23 damage)
             ... on level 5 of the Dungeon.
             The game lasted 00:13:09 (3903 turns).

KreenWarrior the Trooper (Demonspawn Monk)          Turns: 3903, Time: 00:13:10

Health: -8/48      AC: 12    Str: 11    XL:     6   Next: 63%
Magic:  6/6        EV: 13    Int: 12    God:    Dithmenos [**....]
Gold:   302        SH:  6    Dex: 17    Spells: 5/5 levels left

rFire   . . .      SeeInvis .   o - +1 mace (protect)
rCold   . . .      Faith    .   (no shield)
rNeg    . . .      Spirit   .   b - +0 robe
rPois   .          Reflect  .   (no helmet)
rElec   .          Harm     .   (no cloak)
rCorr   .          Rampage  .   n - +1 pair of gloves
Will    .....                   h - +0 pair of boots
Stlth   +++.......              (no amulet)
HPRegen 0.16/turn               (no ring)
MPRegen 0.10/turn               (no ring)

@: under a protective aura, wreathed by umbra
A: large bone plates 2, demonic touch 1
a: Renounce Religion, Shadow Step


You were on level 5 of the Dungeon.
You worshipped Dithmenos.
Dithmenos was pleased with you.
You visited 1 branch of the dungeon, and saw 5 of its levels.

You collected 302 gold pieces.

Inventory:

Hand Weapons
 a - a +0 spear
 o - a +1 mace of protection (weapon)
 s - a +0 sling
Missiles
 t - 3 atropa-tipped darts (quivered)
 u - 26 stones
 v - 11 poisoned darts
Armour
 b - a +0 robe (worn)
 h - a +0 pair of boots (worn)
 n - a +1 pair of gloves (worn)
Magical Staves
 j - a staff of conjuration
Scrolls
 e - a scroll of vulnerability
 f - 2 scrolls of identify
 g - a scroll of butterflies
 k - a scroll of enchant armour
 l - a scroll of teleportation
 p - a scroll of amnesia {unknown}
 q - a scroll of enchant weapon
 w - a scroll of fear {unknown}
 x - a scroll of immolation {unknown}
Potions
 c - a potion of ambrosia
 d - 2 potions of mutation
 i - 2 potions of curing
 m - a potion of cancellation {unknown}
 r - a potion of attraction


   Skills:
 + Level 3.8 Fighting
 + Level 3.5 Maces & Flails
 - Level 3.3 Polearms
 - Level 0.1(3.0) Staves
 + Level 0.1 Throwing
 + Level 3.8 Dodging
 + Level 2.9 Stealth
 + Level 1.4 Shields


You had 5 spell levels left.
You didn't know any spells.
Your spell library contained the following spells:

 Spells                   Type           Power      Damage    Failure   Level
 Static Discharge         Conj/Air       0%         3-3/arc   45%         2
 Confusing Touch          Hex            0%         N/A       69%         3
 Dispel Undead            Necr           0%         3d6       97%         4
 Sticky Flame             Conj/Fire      0%         2d3       97%         4
 Yara's Violent Unravell  Hex/Tmut       0%         3d3       100%        5
 Enfeeble                 Hex            0%         N/A       100%        7


Dungeon Overview and Level Annotations

Branches:
Dungeon (5/15)
 Temple: D:4-7

Altars:
Ashenzari
Dithmenos


Innate Abilities, Weirdness & Mutations

You are mostly covered in large bone plates. (SH +6)
Your touch may inflict minor irresistible damage on your foes.


Message History

The sentinel's mark upon you fades away.
The hound bites you but does no damage. The quokka barely misses you.
The gnoll hits you but does no damage. The hound barely misses you.
You hit the quokka.
The quokka is heavily wounded.
The hound bites you. You block the quokka's attack.
An orc comes into view. It is wielding a +0 club.
You block the gnoll's attack.
The quokka bites you but does no damage.
The hound barely misses you.
You hit the quokka.
You kill the quokka!
Dithmenos accepts your kill. The hound barely misses you.
The gnoll closely misses you. You block the gnoll's attack.
An orc wizard comes into view. It is wielding a +0 dagger.
The orc priest hits you but does no damage.
You block the hound's attack.
The orc wizard shouts!
You sock the orc priest! Your touch misses the orc priest.
The orc priest is heavily wounded.
You hear a shout!
You block the hound's attack.
The orc priest invokes the aid of Beogh against you.
Pain shoots through your body! The gnoll hits you but does no damage.
You closely miss the orc priest. Your touch misses the orc priest.
The orc priest is heavily wounded.
The hound barely misses you. The hound closely misses you.
The orc priest looks satisfied for a moment.
The gnoll hits you but does no damage.
You hit the orc priest.
You touch the orc priest.
You kill the orc priest!
Dithmenos accepts your kill. You block the hound's attack.
The centaur shoots an arrow.
The arrow hits you! You block the gnoll's attack. The hound barely misses you.
You hit the ogre.
The ogre is lightly wounded.
The hound closely misses you.
The ogre hits you with a +0 giant club!!
You die...

#.........# .......#
######.........# #......#
.....#.........# #......#
...#.#.........# #......#
##.#.##...###### #......# ###
#.#.##...# #......# ..#
#.#.##...###### #......### ...##
##.#.........gg###......#.#
....#
...+.........goh@Oc#.#'#.#+....#
...#..........g####o#.#.#.#....+
...#...........# #.#.#.#.#.....#
...#.########### ##.#h#.#S#
.....# #.#.#.#.#.# .#...###
##.#.#.#.#$# ........
..#.#.#.#.#.# <....### .##.#.#
#. #.# .......# #.#.# #.#


You could see an ogre, a centaur, a gnoll bouda, a hound, 3 gnolls and 2 orcs.

Vanquished Creatures
  An ice beast (D:5)
  An ogre (D:5)
  An orc priest (D:5)
  2 hounds (D:5)
  An iguana (D:4)
  3 adders
  A white imp (D:5)
  An ufetubus (D:5)
  A worm (D:3)
  4 dart slugs
  5 orcs
  5 endoplasms
  3 giant cockroaches
  5 goblins
  4 hobgoblins
  3 jackals
  16 kobolds
  3 quokkas
  11 ball pythons
  5 bats
  3 frilled lizards
  4 rats
83 creatures vanquished.

Vanquished Creatures (others)
  2 withered plants (D:3)
2 creatures vanquished.

Grand Total: 85 creatures vanquished

Notes
Turn   | Place    | Note
-------+----------+-------------------------------------------
     0 | D:1      | KreenWarrior the Demonspawn Monk began the quest for the
                  | Orb.
     0 | D:1      | Reached XP level 1. HP: 18/18 MP: 1/1
    95 | D:1      | Gained mutation: You are partially covered in large bone
                  | plates. (SH +4) [demonic ancestry]
    95 | D:1      | Reached XP level 2. HP: 12/24 MP: 2/2
   715 | D:1      | Reached XP level 3. HP: 26/29 MP: 3/3
  1136 | D:2      | Found a broken altar of Ashenzari.
  2127 | D:3      | Found a faded altar of an unknown god.
  2367 | D:3      | Gained mutation: Your touch may inflict minor irresistible
                  | damage on your foes. [demonic ancestry]
  2367 | D:3      | Reached XP level 4. HP: 35/35 MP: 4/4
  3126 | D:4      | Found a shadowy altar of Dithmenos.
  3141 | D:4      | Became a worshipper of Dithmenos the Shadowed
  3141 | D:4      | Reached * piety under Dithmenos
  3141 | D:4      | Reached ** piety under Dithmenos
  3359 | D:4      | Reached skill level 1 in Maces & Flails
  3359 | D:4      | Reached skill level 1 in Shields
  3738 | D:5      | Entered Level 5 of the Dungeon
  3756 | D:5      | Noticed an ogre
  3769 | D:5      | Killed an ogre
  3770 | D:5      | Gained mutation: You are mostly covered in large bone
                  | plates. (SH +6) [demonic ancestry]
  3770 | D:5      | Reached XP level 5. HP: 41/41 MP: 5/5
  3801 | D:5      | Noticed an ice beast
  3811 | D:5      | Killed an ice beast
  3812 | D:5      | Reached XP level 6. HP: 43/48 MP: 6/6
  3903 | D:5      | Mangled by an ogre

Illustrated notes

Levels and vault maps discovered:
D:1:      minmay_arrival_glassed_features, layout_basic, due_unseen_surprise
D:2:      layout_loops_ring, basic_altar, chequers_serial_rivers_micro_e
D:3:      layout_basic, ebering_ecumenical_altar_petrified,
          minmay_misc_feat_tower
D:4:      layout_gridville, nicolae_dithmenos_shadow_blocks,
          eino_small_chamber_without_monster, kennysheep_generic_room_9
D:5:      minmay_chambers_of_fours, layout_basic, mainiacjoe_overflow_boulevard

Skill      XL: |  1  2  3  4  5  6 |
---------------+-------------------+-----
Polearms       | 3 |  3.3
Dodging        | 3 |  3.8
Stealth        | 2 |  2.9
Maces & Flails | 2 3 |  3.5
Shields        | 1 |  1.4
Fighting       | |  3.8
Staves         | |  0.1
Throwing       | |  0.1

Action                   |  1- 3 |  4- 6 || total
-------------------------+-------+-------++-------
Melee: Spear             |   132 |       ||   132
       Punch             |     2 |       ||     2
       Mace              |    33 |    96 ||   129
       Staff             |    24 |       ||    24
       Touch             |       |    15 ||    15
Throw: Dart              |       |     2 ||     2
  Use: Scroll            |     3 |     3 ||     6
       Potion            |       |     3 ||     3
 Stab: Sleeping          |     5 |     5 ||    10
Armor: Robe              |    39 |    39 ||    78
Dodge: Dodged            |   107 |    95 ||   202
Block: Other             |    33 |    32 ||    65
